| TOP OF THE 1ST |
|
Minnesota Twins batting - Pitching for Miami Marlins : RHP Bob Irvin
|
|
Pitching: RHP Bob Irvin
|
|
|
Batting: LHB Magneuris Sierra
|
0-0: Ball 1-0: Foul Ball, location: 2F 1-1: SINGLE (Groundball, 3S, EV 66.9 MPH) (infield hit)
|
|
Batting: RHB José Jiménez
|
0-0: Ball 1-0: SINGLE (Line Drive, 89S, EV 90.0 MPH) Magneuris Sierra to second
|
|
Batting: LHB Andy Townsend
|
0-0: Ball Magneuris Sierra steals 3rd base José Jiménez to second 1-0: Fly out, F8 (Line Drive, 8RM, EV 98.1 MPH) Runner from 3rd tags up, SCORES, no throw by CF
|
|
Batting: SHB Stan Jordan
|
0-0: Ball 1-0: Ground out 6-3 (Groundball, P, EV 83.8 MPH)
|
|
Batting: LHB Carol Westerhout
|
0-0: Called Strike 0-1: Ball 1-1: Foul Ball, location: 9LMF 1-2: Foul Ball, location: 25F 1-2: Strikes out looking
|
| Top of the 1st over - 1 run, 2 hits, 0 errors, 1 left on base; Minnesota 1 - Miami 0 |
| BOTTOM OF THE 1ST |
|
Miami Marlins batting - Pitching for Minnesota Twins : RHP Chris Ford
|
|
Pitching: RHP Chris Ford
|
|
|
Batting: RHB Edgardo Franco
|
0-0: Called Strike 0-1: Ball 1-1: Ball 2-1: Ground out 6-3 (Groundball, 56D, EV 88.1 MPH)
|
|
Batting: RHB Kurt Daniel
|
0-0: Ball 1-0: Ball 2-0: Ball 3-0: Base on Balls
|
|
Batting: LHB Alan O'Keefe
|
0-0: Called Strike 0-1: Ball 1-1: Foul Ball, location: 2F 1-2: 2-RUN HOME RUN (Flyball, 8LXD, EV 111.3 MPH), Distance : 428 ft
|
|
Batting: RHB Sam Jones
|
0-0: Called Strike 0-1: Foul Ball, location: 7LDF 0-2: Ball 1-2: SOLO HOME RUN (Flyball, 8RXD, EV 112.5 MPH), Distance : 441 ft
|
|
Batting: LHB Daryl Hatfield
|
0-0: Ball 1-0: Ball 2-0: Called Strike 2-1: SINGLE (Groundball, 4S, EV 70.0 MPH) (infield hit)
|
|
Batting: SHB Bob MacKerchar
|
0-0: Swinging Strike 0-1: Ball 1-1: Foul Ball, location: 7LDF 1-2: Ball 2-2: Ball 3-2: Strikes out looking
|
|
Batting: RHB Milton Ramos
|
0-0: Swinging Strike 0-1: Fly out, F5 (Line Drive, 56, EV 71.3 MPH)
|
| Bottom of the 1st over - 3 runs, 3 hits, 0 errors, 1 left on base; Minnesota 1 - Miami 3 |
| TOP OF THE 2ND |
|
Minnesota Twins batting - Pitching for Miami Marlins : RHP Bob Irvin
|
|
Batting: RHB Artie Cochran
|
0-0: Fly out, F8 (Flyball, 8LXD, EV 94.4 MPH)
|
|
Batting: SHB Francisco Mejia
|
0-0: Foul Ball, location: 5SF 0-1: Called Strike 0-2: Foul Ball, location: 7LSF 0-2: Foul Ball, location: 5F 0-2: Ball 1-2: Ball 2-2: Strikes out swinging
|
|
Batting: RHB Greg Watts
|
0-0: Ball 1-0: Ground out 5-3 (Groundball, 56S, EV 87.5 MPH)
|
| Top of the 2nd over - 0 runs, 0 hits, 0 errors, 0 left on base; Minnesota 1 - Miami 3 |
| BOTTOM OF THE 2ND |
|
Miami Marlins batting - Pitching for Minnesota Twins : RHP Chris Ford
|
|
Batting: RHB Dusty Lawrence
|
0-0: Called Strike 0-1: Ball 1-1: Swinging Strike 1-2: Ground out 6-3 (Groundball, 6, EV 97.5 MPH)
|
|
Batting: RHB Rainis Silva
|
0-0: Ball 1-0: Ball 2-0: Ball 3-0: Called Strike 3-1: Foul Ball, location: 9LSF 3-2: Strikes out swinging
|
|
Batting: RHB Edgardo Franco
|
0-0: Ball 1-0: Called Strike 1-1: SINGLE (Groundball, 4MD, EV 96.3 MPH)
|
|
Batting: RHB Kurt Daniel
|
0-0: Ball 1-0: Ball 2-0: Ball 3-0: Base on Balls Edgardo Franco to second
|
|
Batting: LHB Alan O'Keefe
|
0-0: Called Strike 0-1: Ball 1-1: Ball 2-1: SINGLE (Line Drive, 89S, EV 86.3 MPH) Edgardo Franco to third Kurt Daniel to second Runner from 3rd tries for Home, SAFE, throw by RF to home
|
|
Batting: RHB Sam Jones
|
0-0: Ball 1-0: Fly out, F9 (Line Drive, 9S, EV 91.9 MPH)
|
| Bottom of the 2nd over - 1 run, 2 hits, 0 errors, 2 left on base; Minnesota 1 - Miami 4 |
| TOP OF THE 3RD |
|
Minnesota Twins batting - Pitching for Miami Marlins : RHP Bob Irvin
|
|
Batting: LHB Sojuro Iwamoto
|
0-0: Called Strike 0-1: Called Strike 0-2: Fly out, F7 (Flyball, 78D, EV 103.1 MPH)
|
|
Batting: LHB Magneuris Sierra
|
0-0: Called Strike 0-1: Ground out 5-3 (Groundball, 56, EV 88.1 MPH)
|
|
Batting: RHB José Jiménez
|
0-0: Ball 1-0: Called Strike 1-1: Ground out 6-3 (Groundball, 6, EV 102.5 MPH)
|
| Top of the 3rd over - 0 runs, 0 hits, 0 errors, 0 left on base; Minnesota 1 - Miami 4 |
| BOTTOM OF THE 3RD |
|
Miami Marlins batting - Pitching for Minnesota Twins : RHP Chris Ford
|
|
Batting: LHB Daryl Hatfield
|
0-0: Ground out 4-3 (Groundball, 4, EV 91.3 MPH)
|
|
Batting: SHB Bob MacKerchar
|
0-0: Ball 1-0: Called Strike 1-1: Foul Ball, location: 2F 1-2: Ball 2-2: Foul Ball, location: 2F 2-2: Ball 3-2: SOLO HOME RUN (Line Drive, 8RXD, EV 111.9 MPH), Distance : 438 ft
|
|
Pitching: RHP Duane Hutchins
|
|
|
Batting: RHB Milton Ramos
|
0-0: Ball 1-0: Ball 2-0: Called Strike 2-1: SINGLE (Line Drive, 78S, EV 101.3 MPH)
|
|
Batting: RHB Dusty Lawrence
|
0-0: Ball 1-0: Ball Milton Ramos steals 2nd base 2-0: Ball 3-0: Called Strike 3-1: Fly out, F8 (Flyball, 8RXD, EV 110.0 MPH) Runner from 2nd tags up, SAFE at 3rd, no throw by CF
|
|
Batting: RHB Rainis Silva
|
0-0: Called Strike 0-1: Ball 1-1: Swinging Strike 1-2: Strikes out swinging, 2-3 out at first.
|
| Bottom of the 3rd over - 1 run, 2 hits, 0 errors, 1 left on base; Minnesota 1 - Miami 5 |
| TOP OF THE 4TH |
|
Minnesota Twins batting - Pitching for Miami Marlins : RHP Bob Irvin
|
|
Batting: LHB Andy Townsend
|
0-0: Called Strike 0-1: Ball 1-1: Fly out, F4 (Popup, 34D, EV 61.3 MPH)
|
|
Batting: SHB Stan Jordan
|
0-0: Called Strike 0-1: Ground out U3 (Groundball, 34D, EV 95.6 MPH)
|
|
Batting: LHB Carol Westerhout
|
0-0: Ball 1-0: Called Strike 1-1: Ball 2-1: Ground out 6-3 (Groundball, 6, EV 89.4 MPH)
|
| Top of the 4th over - 0 runs, 0 hits, 0 errors, 0 left on base; Minnesota 1 - Miami 5 |
| BOTTOM OF THE 4TH |
|
Miami Marlins batting - Pitching for Minnesota Twins : RHP Duane Hutchins
|
|
Batting: RHB Edgardo Franco
|
0-0: SINGLE (Line Drive, 7S, EV 108.8 MPH)
|
|
Batting: RHB Kurt Daniel
|
0-0: Called Strike 0-1: Ball 1-1: Ball 2-1: Ball 3-1: DOUBLE (Line Drive, 78XD, EV 103.8 MPH) Edgardo Franco to third
|
|
Batting: LHB Alan O'Keefe
|
0-0: Called Strike 0-1: Foul Ball, location: 5F 0-2: Foul Ball, location: 25F 0-2: Ball 1-2: Ground out 4-3 (Groundball, 4, EV 84.4 MPH) Edgardo Franco scores Kurt Daniel to third
|
|
Batting: RHB Sam Jones
|
0-0: Ball 1-0: Foul Ball, location: 5SF 1-1: Ground out U3 (Groundball, 3S, EV 89.4 MPH) Kurt Daniel scores
|
|
Batting: LHB Daryl Hatfield
|
0-0: Called Strike 0-1: SINGLE (Line Drive, 78S, EV 95.0 MPH)
|
|
Pitching: RHP José González
|
|
|
Batting: SHB Bob MacKerchar
|
0-0: Ball 1-0: Ground out 4-3 (Groundball, 4, EV 80.6 MPH)
|
| Bottom of the 4th over - 2 runs, 3 hits, 0 errors, 1 left on base; Minnesota 1 - Miami 7 |
| TOP OF THE 5TH |
|
Minnesota Twins batting - Pitching for Miami Marlins : RHP Bob Irvin
|
|
Batting: RHB Artie Cochran
|
0-0: Ground out 1-3 (Groundball, 13S, EV 65.0 MPH)
|
|
Batting: SHB Francisco Mejia
|
0-0: Called Strike 0-1: Ball 1-1: Ball 2-1: Fly out, F8 (Flyball, 89D, EV 100.0 MPH)
|
|
Batting: RHB Greg Watts
|
0-0: Called Strike 0-1: Ball 1-1: DOUBLE (Line Drive, 9LM, EV 107.5 MPH)
|
|
Batting: LHB Sojuro Iwamoto
|
0-0: Swinging Strike 0-1: Ball 1-1: Ball 2-1: Swinging Strike 2-2: Foul Ball, location: 3FF 2-2: Ball 3-2: Foul Ball, location: 7LMF 3-2: Base on Balls
|
|
Batting: LHB Magneuris Sierra
|
0-0: Foul Ball, location: 2F 0-1: Swinging Strike 0-2: Ball 1-2: Ball 2-2: Strikes out looking
|
| Top of the 5th over - 0 runs, 1 hit, 0 errors, 2 left on base; Minnesota 1 - Miami 7 |
| BOTTOM OF THE 5TH |
|
Miami Marlins batting - Pitching for Minnesota Twins : RHP José González
|
|
Batting: RHB Milton Ramos
|
0-0: Swinging Strike 0-1: Ball 1-1: Foul Ball, location: 2F 1-2: Foul Ball, location: 2F 1-2: Ground out 6-3 (Groundball, 6, EV 80.0 MPH)
|
|
Batting: RHB Dusty Lawrence
|
0-0: Ball 1-0: Ball 2-0: Ball 3-0: Called Strike 3-1: Base on Balls
|
|
Batting: RHB Rainis Silva
|
0-0: Called Strike 0-1: Foul Ball, location: 2F 0-2: Ball 1-2: Ball 2-2: Strikes out swinging
|
|
Batting: RHB Edgardo Franco
|
0-0: Called Strike 0-1: Ball 1-1: Ball Dusty Lawrence steals 2nd base (no throw) 2-1: SINGLE (Line Drive, 5D, EV 103.8 MPH) Dusty Lawrence to third Runner from 3rd tries for Home, SAFE, throw by LF to home
|
|
Batting: RHB Kurt Daniel
|
0-0: Ball 1-0: Ground out 6-3 (Groundball, 6M, EV 88.8 MPH)
|
| Bottom of the 5th over - 1 run, 1 hit, 0 errors, 1 left on base; Minnesota 1 - Miami 8 |
| TOP OF THE 6TH |
|
Minnesota Twins batting - Pitching for Miami Marlins : RHP Bob Irvin
|
|
Batting: RHB José Jiménez
|
0-0: Swinging Strike 0-1: Ball 1-1: Foul Ball, location: 25FF 1-2: Foul Ball, location: 2F 1-2: Foul Ball, location: 2F 1-2: Ball 2-2: Strikes out swinging
|
|
Batting: LHB Andy Townsend
|
0-0: Called Strike 0-1: Called Strike 0-2: Ground out 6-3 (Groundball, 6, EV 90.0 MPH)
|
|
Batting: SHB Stan Jordan
|
0-0: Ball 1-0: Foul Ball, location: 5FF 1-1: Ball 2-1: SINGLE (Groundball, 6MD, EV 105.6 MPH)
|
|
Batting: LHB Carol Westerhout
|
0-0: Called Strike 0-1: Ball 1-1: SINGLE (Groundball, 6S, EV 68.1 MPH) (infield hit) Stan Jordan to second
|
|
Batting: RHB Artie Cochran
|
0-0: Swinging Strike 0-1: Called Strike 0-2: Ball 1-2: SINGLE (Groundball, 34S, EV 68.1 MPH) (infield hit) Stan Jordan to third Carol Westerhout to second
|
|
Batting: SHB Francisco Mejia
|
0-0: Ball 1-0: Ground out 1-3 (Groundball, 13S, EV 75.6 MPH)
|
| Top of the 6th over - 0 runs, 3 hits, 0 errors, 3 left on base; Minnesota 1 - Miami 8 |
| BOTTOM OF THE 6TH |
|
Miami Marlins batting - Pitching for Minnesota Twins : RHP José González
|
|
Batting: LHB Alan O'Keefe
|
0-0: SINGLE (Line Drive, 7S, EV 102.5 MPH)
|
|
Batting: RHB Sam Jones
|
0-0: Ball 1-0: Ball Alan O'Keefe steals 2nd base 2-0: Reached on error, E6 (Groundball, 56, EV 86.3 MPH) Alan O'Keefe to third
|
|
Batting: LHB Daryl Hatfield
|
0-0: Called Strike 0-1: DOUBLE (Flyball, 89D, EV 106.9 MPH) Alan O'Keefe scores Sam Jones to third
|
|
Batting: SHB Bob MacKerchar
|
0-0: Ball 1-0: Ball 2-0: Foul Ball, location: 2F 2-1: Ball 3-1: Base on Balls
|
|
Batting: RHB Milton Ramos
|
0-0: Ball 1-0: SINGLE (Groundball, 6MD, EV 100.0 MPH) Sam Jones scores Daryl Hatfield to third Bob MacKerchar to second Runner from 3rd tries for Home, SAFE, throw by CF to home Bob MacKerchar to third Milton Ramos to second
|
|
Batting: RHB Dusty Lawrence
|
0-0: Called Strike 0-1: Fly out, F8 (Flyball, 8LXD, EV 100.0 MPH) Runner from 3rd tags up, SCORES, no throw by CF Milton Ramos to third
|
|
Pitching: LHP Dave Weaver
|
|
|
Batting: RHB Rainis Silva
|
0-0: Called Strike 0-1: SINGLE (Groundball, 34D, EV 101.3 MPH) Milton Ramos scores
|
|
Batting: RHB Edgardo Franco
|
0-0: Called Strike 0-1: Called Strike 0-2: Ball 1-2: DOUBLE (Flyball, 7LM, EV 96.9 MPH) Rainis Silva to third
|
|
Batting: RHB Kurt Daniel
|
0-0: Called Strike 0-1: Swinging Strike 0-2: Ball 1-2: Fly out, F8 (Flyball, 8RD, EV 85.6 MPH) Runner from 3rd tags up, SCORES, no throw by CF
|
|
Batting: LHB Alan O'Keefe
|
0-0: Called Strike 0-1: Called Strike 0-2: Foul Ball, location: 2F 0-2: Ball 1-2: Ball 2-2: SINGLE (Line Drive, 8RS, EV 110.0 MPH) Edgardo Franco to third Runner from 3rd tries for Home, throw by CF and OUT! 8-2
|
| Bottom of the 6th over - 6 runs, 6 hits, 1 error, 1 left on base; Minnesota 1 - Miami 14 |
| TOP OF THE 7TH |
|
Minnesota Twins batting - Pitching for Miami Marlins : RHP Bob Irvin
|
|
Batting: RHB Greg Watts
|
0-0: Ball 1-0: Reached on error, E6 (Groundball, 6, EV 82.5 MPH)
|
|
Pitching: RHP Dan Reynolds
|
|
|
Batting: LHB Sojuro Iwamoto
|
0-0: Called Strike 0-1: Ball 1-1: Fly out, F8 (Flyball, 8LD, EV 107.5 MPH)
|
|
Batting: LHB Magneuris Sierra
|
0-0: Ball 1-0: Reached on error, E3 (Groundball, 34, EV 105.0 MPH) Greg Watts to second
|
|
Batting: RHB José Jiménez
|
0-0: Foul Ball, location: 3F 0-1: Swinging Strike 0-2: Ball 1-2: Foul Ball, location: 9LMFF 1-2: Grounds into double play, 4-6-3 (Groundball, 4M, EV 84.4 MPH)
|
| Top of the 7th over - 0 runs, 0 hits, 2 errors, 1 left on base; Minnesota 1 - Miami 14 |
| BOTTOM OF THE 7TH |
|
Miami Marlins batting - Pitching for Minnesota Twins : LHP Dave Weaver
|
|
Batting: RHB Sam Jones
|
0-0: Called Strike 0-1: Swinging Strike 0-2: Ball 1-2: Strikes out swinging
|
|
Batting: LHB Daryl Hatfield
|
0-0: Foul Ball, location: 7LSF 0-1: SINGLE (Line Drive, 78S, EV 106.3 MPH)
|
|
Batting: SHB Bob MacKerchar
|
0-0: Fly out, F8 (Flyball, 89D, EV 103.1 MPH)
|
|
Batting: RHB Milton Ramos
|
0-0: Swinging Strike 0-1: Called Strike 0-2: Strikes out swinging
|
| Bottom of the 7th over - 0 runs, 1 hit, 0 errors, 1 left on base; Minnesota 1 - Miami 14 |
| TOP OF THE 8TH |
|
Minnesota Twins batting - Pitching for Miami Marlins : RHP Dan Reynolds
|
|
Batting: LHB Andy Townsend
|
0-0: Ground out U3 (Groundball, 3, EV 90.6 MPH)
|
|
Batting: SHB Stan Jordan
|
0-0: Ball 1-0: Fly out, F8 (Line Drive, 8LS, EV 98.8 MPH)
|
|
Batting: LHB Carol Westerhout
|
0-0: Fly out, F7 (Line Drive, 7S, EV 93.1 MPH)
|
| Top of the 8th over - 0 runs, 0 hits, 0 errors, 0 left on base; Minnesota 1 - Miami 14 |
| BOTTOM OF THE 8TH |
|
Miami Marlins batting - Pitching for Minnesota Twins : LHP Dave Weaver
|
|
Batting: RHB Dusty Lawrence
|
0-0: Fly out, F8 (Flyball, 8LM, EV 91.9 MPH)
|
|
Batting: RHB Rainis Silva
|
0-0: Called Strike 0-1: Called Strike 0-2: Ball 1-2: Ground out 5-3 (Groundball, 56, EV 92.5 MPH)
|
|
Batting: RHB Edgardo Franco
|
0-0: Ball 1-0: Called Strike 1-1: Ground out 6-3 (Groundball, 6, EV 85.6 MPH)
|
| Bottom of the 8th over - 0 runs, 0 hits, 0 errors, 0 left on base; Minnesota 1 - Miami 14 |
| TOP OF THE 9TH |
|
Minnesota Twins batting - Pitching for Miami Marlins : RHP Dan Reynolds
|
|
Batting: RHB Artie Cochran
|
0-0: Ball 1-0: SINGLE (Line Drive, 89S, EV 90.0 MPH)
|
|
Batting: SHB Francisco Mejia
|
0-0: Fly out, F6 (Line Drive, 6, EV 68.1 MPH)
|
|
Pinch Hitting: LHB Raúl Fernández
|
0-0: Ball 1-0: Called Strike 1-1: Grounds into double play, 5-4-3 (Groundball, 15, EV 100.0 MPH)
|
| Top of the 9th over - 0 runs, 1 hit, 0 errors, 0 left on base; Minnesota 1 - Miami 14 |
|